 Dungeon Crawl Stone Soup version 0.22.1-1-ga44c0e56f4 (webtiles) character file.

319 Nebulos the Magician (level 6, -3/33 HPs)
             Began as a Deep Elf Fire Elementalist on Sept 21, 2018.
             Was an Initiate of Vehumet.
             Slain by Duvessa
             ... wielding a +0 short sword
              (9 damage)
             ... on level 4 of the Dungeon.
             The game lasted 00:08:51 (3603 turns).

Nebulos the Magician (Deep Elf Fire Elementalist)   Turns: 3603, Time: 00:08:52

Health: -3/33      AC:  4    Str:  5    XL:     6   Next: 21%
Magic:  4/16       EV: 14    Int: 22    God:    Vehumet [......]
Gold:   227        SH:  0    Dex: 15    Spells: 7/16 levels left

rFire    . . .     SeeInvis .   g - +2 dagger (drain)
rCold    . . .     Gourm    .   (no shield)
rNeg     . . .     Faith    .   a - +0 robe
rPois    .         Spirit   .   i - +2 hat
rElec    .         Reflect  .   (no cloak)
rCorr    .         Harm     .   (no gloves)
MR       .....                  (no boots)
Stlth    ++........             (no amulet)
HPRegen  0.11/turn              (no ring)
MPRegen  0.15/turn              (no ring)

@: no status effects
A: no striking features
a: Renounce Religion


You were on level 4 of the Dungeon.
You worshipped Vehumet.
Vehumet was noncommittal.
You were not hungry.

You visited 1 branch of the dungeon, and saw 4 of its levels.

You collected 227 gold pieces.

Inventory:

Hand Weapons
 g - a +2 dagger of draining (weapon)
Armour
 a - a +0 robe (worn)
 i - a +2 hat (worn)
Jewellery
 k - a +4 ring of intelligence
Scrolls
 d - 2 scrolls of remove curse {unknown}
 j - 3 scrolls of identify
 l - a scroll of enchant armour
Potions
 b - a potion of brilliance {unknown}
 f - a potion of haste {unknown}
 h - 2 potions of curing
 m - a potion of lignification {unknown}
Comestibles
 c - 7 rations


   Skills:
 + Level 0.8 Fighting
 + Level 3.7 Dodging
 - Level 2.4 Stealth
 * Level 5.8 Spellcasting
 * Level 3.3 Conjurations
 + Level 4.5 Fire Magic


You had 7 spell levels left.
You knew the following spells:

 Your Spells              Type           Power        Failure   Level  Hunger
a - Flame Tongue          Conj/Fire      ###..        1%          1    None
b - Conjure Flame         Conj/Fire      ###.....     5%          3    ##.....
d - Fireball              Conj/Fire      ###.......   45%         5    #####..

Your spell library contained the following spells:

 Spells                   Type           Power        Failure   Level  Hunger
 Throw Flame              Conj/Fire      ###...       2%          2    None
 Inner Flame              Hex/Fire       ###.....     11%         3    ##.....
 Sticky Flame             Conj/Fire      ###.....     19%         4    ####...


Dungeon Overview and Level Annotations

Branches:
Dungeon (4/15)
 Temple: D:4-7

Altars:
Gozag
Trog
Vehumet
Xom
Zin

Annotations:
D:4 Duvessa


Message History

Duvessa is lightly wounded.
Duvessa completely misses you.
Casting: Flame Tongue (safe; 1% risk of failure)
Confirm with . or Enter, or press ? or * to list all spells.
Aiming: Flame Tongue (safe; 1% risk of failure)
Press: ? - help, Shift-Dir - straight line, f/p - Duvessa
Aim: Duvessa, wielding a short sword and wearing a runed scale mail (lightly The flame tongue hits Duvessa.
Duvessa resists.
Duvessa is moderately wounded.
Duvessa says, "The sword shall overcome grief!"
Duvessa hits you but does no damage.
Casting: Flame Tongue (safe; 1% risk of failure)
Confirm with . or Enter, or press ? or * to list all spells.
Aiming: Flame Tongue (safe; 1% risk of failure)
Press: ? - help, Shift-Dir - straight line, f/p - Duvessa
Aim: Duvessa, wielding a short sword and wearing a runed scale mail (moderately The flame tongue hits Duvessa.
Duvessa appears unharmed.
Duvessa is moderately wounded.
Duvessa hits you with a short sword!
You die...

.#.#.####..# #.# #.#.
.#.#.#..#..# #.# #.#.
.#.#.#..#..# #.# #.#.
##.#.#.....# #.# ######## #.#.
...#.##.#.## #.# #......# #.#.
.#......#.#######.# #......# #.#.
.....####.#.......# #......# #.#.
.#.....##.#)#########......###.#.
##..............@e...)...<.....#.
..........#.#########......#####.
.^....................<.#...e)...
.##.......#...#########.#.#######
.#####(...#....# #.#.#
######....##...## #.#.#
................# #e#.#
...###....##...## #.#.#
...............# #.#


You could see Duvessa.

Vanquished Creatures
  A bullfrog (D:3)
  Dowan (D:4)
  A hound (D:4)
  An orc wizard (D:3)
  Jessica (D:3)
  A worker ant (D:4)
  An adder (D:3)
  2 oozes
  3 dart slugs
  3 leopard geckos
  7 orcs (D:3)
  8 bats
  A giant cockroach (D:1)
  10 goblins
  3 hobgoblins
  7 jackals
  A quokka (D:2)
  6 frilled lizards
  7 kobolds
  3 rats
68 creatures vanquished.

Notes
Turn   | Place    | Note
-------+----------+-------------------------------------------
     0 | D:1      | Nebulos the Deep Elf Fire Elementalist began the quest for
                  | the Orb.
     0 | D:1      | Reached XP level 1. HP: 10/10 MP: 6/6
   208 | D:1      | Reached XP level 2. HP: 15/15 MP: 6/8
  1175 | D:2      | Reached XP level 3. HP: 14/19 MP: 8/10
  1499 | D:3      | Found a glowing silver altar of Zin.
  1542 | D:3      | Reached skill level 4 in Spellcasting
  1589 | D:3      | Reached XP level 4. HP: 5/24 MP: 2/12
  2054 | D:3      | Noticed Jessica
  2054 | D:3      | Noticed a bullfrog
  2065 | D:3      | Killed Jessica
  2071 | D:3      | Killed a bullfrog
  2071 | D:3      | Reached skill level 5 in Spellcasting
  2071 | D:3      | Reached XP level 5. HP: 11/28 MP: 5/14
  2197 | D:3      | Learned a level 3 spell: Conjure Flame
  2200 | D:3      | Learned a level 2 spell: Throw Flame
  2206 | D:3      | Learned a level 5 spell: Fireball
  2337 | D:3      | Found a radiant altar of Vehumet.
  2366 | D:3      | Became a worshipper of Vehumet
  2565 | D:3      | Found a bloodstained altar of Trog.
  2572 | D:3      | Found a shimmering altar of Xom.
  2575 | D:3      | Found an opulent altar of Gozag.
  2962 | D:4      | Reached XP level 6. HP: 28/33 MP: 14/16
  3324 | D:4      | Noticed Dowan
  3326 | D:4      | Noticed Duvessa
  3557 | D:4      | Killed Dowan
  3603 | D:4      | Slain by Duvessa

Skill      XL: |  1  2  3  4  5 |
---------------+----------------+-----
Spellcasting   | 4 5 |  5.8
Fire Magic     | 4 |  4.5
Dodging        | 3 |  3.7
Conjurations   | 2 3 |  3.3
Fighting       | |  0.8
Stealth        | |  2.4

Action                   |  1- 3 |  4- 6 || total
-------------------------+-------+-------++-------
Melee: Dagger            |    55 |    56 ||   111
 Cast: Flame Tongue      |    34 |    55 ||    89
       Conjure Flame     |       |     6 ||     6
  Use: Scroll            |     1 |     7 ||     8
       Potion            |       |     2 ||     2
 Stab: Sleeping          |     2 |     2 ||     4
  Eat: Chunk             |     2 |     3 ||     5
       Ration            |       |     2 ||     2
Armor: Robe              |    27 |    15 ||    42
Dodge: Dodged            |    55 |    56 ||   111
